 Dungeon Crawl Stone Soup version 0.27-a0-972-gd1521fd518 (webtiles) character file.

Game seed: 18345601222490920254

40 kae the Ruffian (level 3, -2/28 HPs)
             Began as a Draconian Transmuter on Apr 13, 2021.
             Slain by a steam dragon (7 damage)
             ... on level 2 of the Dungeon.
             The game lasted 00:00:41 (2169 turns).

kae the Ruffian (Draconian Transmuter)              Turns: 2169, Time: 00:00:42

Health: -2/28      AC:  5    Str: 13    XL:     3   Next: 30%
Magic:  5/6        EV: 12    Int: 13    God:
Gold:   114        SH:  0    Dex: 11    Spells: 5/6 levels left

rFire    . . .     SeeInvis .   d - +0 whip (vamp)
rCold    . . .     Faith    .   (no shield)
rNeg     . . .     Spirit   .   (armour unavailable)
rPois    .         Reflect  .   (helmet currently unavailable)
rElec    .         Harm     .   (no cloak)
rCorr    .         Rampage  .   (no gloves)
Will     .....                  (boots currently unavailable)
Stlth    +.........             (no amulet)
HPRegen  0.09/turn              (no ring)
MPRegen  0.10/turn              (no ring)

@: appendages
A: horns 2, talons 2, AC +5, unfitting armour, cold-blooded
a: End Transformation


You were on level 2 of the Dungeon.
You had temporarily grown beastly horns and talons.
You visited 1 branch of the dungeon, and saw 2 of its levels.

You collected 114 gold pieces.

Inventory:

Hand Weapons
 d - a +0 vampiric whip (weapon)
Scrolls
 c - a scroll of identify {unknown}
Potions
 a - a potion of curing {unknown}
 b - a potion of magic {unknown}


   Skills:
 + Level 1.4 Fighting
 + Level 2.0 Dodging
 + Level 0.8 Stealth
 * Level 3.4 Unarmed Combat
 + Level 2.2 Spellcasting
 * Level 2.5 Transmutations


You had 5 spell levels left.
You knew the following spells:

 Your Spells              Type           Power      Damage    Failure   Level
a - Beastly Appendage     Tmut           16%        N/A       9%          1

Your spell library contained the following spells:

 Spells                   Type           Power      Damage    Failure   Level
 Wereblood                Tmut           8%         N/A       13%         2
 Spider Form              Tmut/Pois      2%         N/A       41%         3
 Ice Form                 Ice/Tmut       4%         N/A       83%         4
 Hydra Form               Tmut           4%         N/A       94%         5


Dungeon Overview and Level Annotations

Branches:
Dungeon (2/15)

Altars:


Innate Abilities, Weirdness & Mutations

You have temporarily grown beastly horns and talons.
Your plain brown scales are hard. (AC +5)
You cannot fit into any form of body armour.
You are cold-blooded and may be slowed by cold attacks.


Message History

You grow a pair of large bovine horns.
Your feet morph into talons.
The giant cockroach bites you.
Your transformation is almost over.
The giant cockroach barely misses you.
A giant cockroach is nearby!
You hit the giant cockroach.
You feel better.
You claw the giant cockroach.
You kill the giant cockroach!
No target in view!
Your horns disappear.
Your talons disappear.
You open the door.
There is an open door here.
There is an escape hatch in the floor here.
Key pressed, stopping explore.
No target in view!
No target in view!
Found a stone staircase leading up.
No target in view!
No target in view!
Found 19 stones.
You see here 19 stones.
Key pressed, stopping explore.
No target in view!
No target in view!
A steam dragon comes into view.
Found 27 stones.
The helpless steam dragon fails to defend itself.
You hit the steam dragon but do no damage.
You tail-slap the steam dragon, but do no damage.
The steam dragon breathes steam at you. The ball of steam hits you!
Casting: Beastly Appendage (safe; 9% risk of failure)
Confirm with . or Enter, or press ? or * to list all spells.
You grow a pair of large bovine horns.
Your feet morph into talons.
You are engulfed in a cloud of scalding steam.
The steam dragon bites you.
The steam dragon claws you but does no damage.
You are engulfed in a cloud of scalding steam.
* * * LOW HITPOINT WARNING * * *
The steam dragon bites you!
You die...

.###.##
#..#### #.#
#.# #.....#
#.# #.#
#.###.# #.#
#+#
#.###.###.#
#.........#
#####.#####
##.##.#
####..§#.###
+....(D@§.§#
####.#####.#
.# #


You could see a steam dragon (catching breath).

Vanquished Creatures
  A dart slug (D:1)
  A bat (D:2)
  3 endoplasms (D:1)
  2 giant cockroaches
  2 goblins (D:1)
  7 hobgoblins
  3 jackals (D:1)
  3 quokkas (D:1)
  2 ball pythons (D:1)
  3 frilled lizards (D:1)
  3 kobolds (D:1)
  3 rats
33 creatures vanquished.

Notes
Turn   | Place    | Note
-------+----------+-------------------------------------------
     0 | D:1      | kae the Draconian Transmuter began the quest for the Orb.
     0 | D:1      | Reached XP level 1. HP: 16/16 MP: 3/3
   564 | D:1      | Reached XP level 2. HP: 15/23 MP: 3/5
  1074 | D:1      | Reached XP level 3. HP: 23/28 MP: 6/6
  1305 | D:1      | Found a faded altar of an unknown god.
  2165 | D:2      | Noticed a steam dragon
  2169 | D:2      | Slain by a steam dragon

Illustrated notes

Levels and vault maps discovered:
D:1:      wheals_arrival_linesprint, layout_basic,
          hellmonk_ecumenical_altar_heavens_door
D:2:      layout_loops_corners, minmay_puff

Skill      XL: |  1  2 |
---------------+-------+-----
Dodging        | 2 |  2.0
Fighting       | |  1.4
Stealth        | |  0.8
Unarmed Combat | |  3.4
Spellcasting   | |  2.2
Transmutations | |  2.5

Action                   || total
-------------------------++-------
Melee: Unarmed           ||    80
       Kick              ||    11
       Tailslap          ||    10
       Headbutt          ||     1
       Whip              ||    26
 Cast: Beastly Appendage ||    17
  Use: Scroll            ||     1
 Stab: Sleeping          ||     3
Armor: Skin              ||    24
Dodge: Dodged            ||    73

Table legend: (Time is in decaauts)
 A = Elapsed time spent in this place.
 B = Non-inter-level travel time spent in this place.
 C = Inter-level travel time spent in this place.
 D = Time resting spent in this place.
 E = Time spent auto-exploring this place.
 F = Levels seen in this place.
 G = Mean time per level.
                   A        B        C        D        E       F      G
               +--------+--------+--------+--------+--------+-----+--------+
         Total |   2165 |   2112 |     53 |      0 |   1897 |   2 | 1082.5 |
       Dungeon |   2165 |   2112 |     53 |      0 |   1897 |   2 | 1082.5 |
               +--------+--------+--------+--------+--------+-----+--------+

Top non-repeatable levels by time:
     D:1: 1715 daAuts
     D:2: 450 daAuts
